General information
			
			
        
        - name: BNet
 
        - type: Ladder team game (AT/RT)
 
        - host: Battle.net
 
        - saver: Gobiner
 
        
map: RiverOfSouls 
        - players: 6
 
        - length: 38:37
 
        - speed: Fast
 - version: 1.22 W3XP
 - replay type:  Public
 
» download(275 KB)
Players
        team 1 (winner) 
              
              
Gobiner (
blue | 52 APM | 2010 actions | 38:37)
              
 8 Blademaster 
 3 Wind Walk
 3 Critical Strike
 1 Bladestorm
 1 Mirror Image
 
                » actions 
                
                | Assign group hotkey | 11 |  | 
| Basic commands | 18 |  | 
| Build / train | 79 |  | 
| ESC pressed | 6 |  | 
| Enter build submenu | 44 |  | 
| Enter hero's abilities submenu | 9 |  | 
| Give item / drop item | 5 |  | 
| Right click | 924 |  | 
| Select / deselect | 192 |  | 
| Select group hotkey | 498 |  | 
| Use ability | 224 |  | 
                2010 total
 » units 
                » upgrades
                
                | Liquid Fire | 1 |  | 
| Ranged Weapons | 3 |  | 
| Armor | 3 |  | 
| Reinforced Defenses | 1 |  | 
| Troll Regeneration | 1 |  | 
| Burning Oil | 1 |  | 
| Spiked Barricades | 1 |  | 
                11 total
 » buildings
                
                | Altar of Storms | 1 |  | 
| Orc Burrow | 4 |  | 
| War Mill | 1 |  | 
| Watch Tower | 41 |  | 
| Voodoo Lounge | 2 |  | 
| Stronghold | 4 |  | 
| Fortress | 4 |  | 
| Beastiary | 2 |  | 
| Barracks | 1 |  | 
                60 total
 » build order
                00:07 Altar of Storms
00:15 Orc Burrow
00:31 War Mill
01:42 Watch Tower
01:53 Orc Burrow
02:18 Watch Tower
02:48 Watch Tower
03:10 Voodoo Lounge
04:02 Watch Tower
04:02 Watch Tower
04:20 Stronghold
04:21 Stronghold
04:21 Stronghold
04:41 Watch Tower
04:56 Orc Burrow
05:28 Watch Tower
05:29 Watch Tower
05:51 Watch Tower
05:55 Watch Tower
06:23 Watch Tower
06:30 Watch Tower
07:05 Fortress
07:05 Fortress
07:06 Fortress
07:06 Fortress
07:17 Beastiary
07:22 Beastiary
07:28 Orc Burrow
07:46 Watch Tower
07:54 Watch Tower
09:31 Watch Tower
09:31 Watch Tower
09:33 Watch Tower
09:34 Watch Tower
09:35 Watch Tower
10:14 Watch Tower
11:32 Voodoo Lounge
17:25 Barracks
17:28 Watch Tower
17:29 Watch Tower
17:29 Watch Tower
17:29 Watch Tower
17:31 Watch Tower
17:32 Watch Tower
17:32 Watch Tower
17:32 Watch Tower
17:33 Watch Tower
33:32 Watch Tower
33:33 Watch Tower
33:34 Watch Tower
34:39 Watch Tower
34:40 Watch Tower
34:42 Watch Tower
35:51 Watch Tower
35:52 Watch Tower
35:53 Watch Tower
37:03 Watch Tower
37:04 Watch Tower
37:05 Watch Tower
» items
                
                | Lesser Clarity Potion | 6 |  | 
| Healing Salve | 2 |  | 
| Staff of Teleportation | 1 |  | 
| Boots of Speed | 1 |  | 
| Orb of Lightning | 1 |  | 
| Potion of Mana | 1 |  | 
| Potion of Lesser Invulnerability | 1 |  | 
                13 total
  
               
              
              
kunt.roII (
red | 105 APM | 4048 actions | 38:36)
              
 8 Archmage 
 3 Blizzard
 2 Brilliance Aura
 2 Mass Teleport
 1 Summon Water Elemental
 6 Beastmaster 
 2 Summon Bear
 3 Summon Hawk
 1 Stampede
 
                » actions 
                
                | Assign group hotkey | 46 |  | 
| Basic commands | 124 |  | 
| Build / train | 101 |  | 
| ESC pressed | 4 |  | 
| Enter build submenu | 51 |  | 
| Enter hero's abilities submenu | 16 |  | 
| Give item / drop item | 6 |  | 
| Right click | 1873 |  | 
| Select / deselect | 314 |  | 
| Select group hotkey | 1280 |  | 
| Use ability | 233 |  | 
                4048 total
 » units 
                
                | Peasant | 19 |  | 
| Sorceress | 2 |  | 
| Priest | 2 |  | 
                23 total
 » upgrades
                
                | Masonry | 3 |  | 
| Magic Sentry | 1 |  | 
| Lumber Harvesting | 1 |  | 
| Sorceress Training | 1 |  | 
| Priest Training | 1 |  | 
                7 total
 » buildings
                
                | Altar of Kings | 1 |  | 
| Farm | 6 |  | 
| Scout Tower | 48 |  | 
| Lumber Mill | 1 |  | 
| Arcane Tower | 6 |  | 
| Guard Tower | 21 |  | 
| Keep | 3 |  | 
| Castle | 2 |  | 
| Arcane Sanctum | 1 |  | 
| Arcane Vault | 1 |  | 
                90 total
 » build order
                00:09 Altar of Kings
00:21 Farm
00:47 Farm
01:11 Scout Tower
01:27 Lumber Mill
01:41 Arcane Tower
01:42 Arcane Tower
01:44 Scout Tower
02:13 Arcane Tower
02:13 Arcane Tower
02:14 Scout Tower
02:17 Scout Tower
02:19 Scout Tower
02:23 Farm
02:31 Scout Tower
03:01 Scout Tower
03:03 Scout Tower
03:05 Guard Tower
03:05 Guard Tower
03:33 Scout Tower
03:34 Guard Tower
03:40 Scout Tower
03:42 Arcane Tower
04:35 Scout Tower
04:35 Scout Tower
04:36 Guard Tower
05:14 Keep
05:14 Keep
05:28 Scout Tower
05:46 Scout Tower
05:47 Scout Tower
05:48 Guard Tower
05:58 Guard Tower
07:00 Guard Tower
07:02 Scout Tower
07:02 Scout Tower
07:05 Scout Tower
07:06 Scout Tower
07:07 Scout Tower
07:45 Farm
09:20 Scout Tower
09:20 Scout Tower
09:22 Scout Tower
09:23 Scout Tower
09:58 Castle
09:58 Castle
10:02 Arcane Tower
10:07 Arcane Sanctum
10:37 Guard Tower
11:19 Guard Tower
11:25 Scout Tower
11:25 Scout Tower
11:57 Guard Tower
12:18 Guard Tower
13:06 Guard Tower
13:07 Scout Tower
13:08 Scout Tower
13:08 Scout Tower
13:14 Scout Tower
13:15 Scout Tower
13:16 Scout Tower
14:17 Guard Tower
14:33 Guard Tower
14:36 Scout Tower
14:37 Scout Tower
14:37 Scout Tower
14:38 Scout Tower
15:13 Arcane Vault
15:19 Scout Tower
15:20 Scout Tower
15:20 Scout Tower
15:21 Scout Tower
15:21 Scout Tower
15:50 Guard Tower
16:06 Farm
16:07 Farm
18:14 Guard Tower
18:14 Guard Tower
18:41 Guard Tower
18:42 Guard Tower
18:44 Scout Tower
18:45 Scout Tower
18:46 Scout Tower
18:47 Scout Tower
18:51 Scout Tower
18:52 Scout Tower
20:18 Scout Tower
20:19 Guard Tower
22:33 Guard Tower
» items
                
                | Boots of Speed | 2 |  | 
| Circlet of Nobility | 2 |  | 
| Staff of Teleportation | 2 |  | 
| Healing Salve | 1 |  | 
| Lesser Clarity Potion | 1 |  | 
| Scroll of Speed | 1 |  | 
| Orb of Lightning | 2 |  | 
| Orb of Fire | 1 |  | 
| Staff of Sanctuary | 2 |  | 
| Tome of Retraining | 1 |  | 
                15 total
  
               
              
              
MrFrosty (
green | 102 APM | 3951 actions | 38:36)
              
 7 Archmage 
 3 Blizzard
 3 Brilliance Aura
 1 Mass Teleport
 6 Pandaren Brewmaster 
 3 Breath of Fire
 1 Drunken Haze
 1 Drunken Brawler
 1 Storm Earth and Fire
 
                » actions 
                
                | Assign group hotkey | 27 |  | 
| Basic commands | 120 |  | 
| Build / train | 119 |  | 
| ESC pressed | 2 |  | 
| Enter build submenu | 55 |  | 
| Enter hero's abilities submenu | 14 |  | 
| Give item / drop item | 10 |  | 
| Right click | 2152 |  | 
| Select / deselect | 563 |  | 
| Select group hotkey | 648 |  | 
| Use ability | 241 |  | 
                3951 total
 » units 
                
                | Peasant | 27 |  | 
| Priest | 4 |  | 
| Sorceress | 2 |  | 
| Dragonhawk Rider | 11 |  | 
                44 total
 » upgrades
                
                | Masonry | 3 |  | 
| Lumber Harvesting | 2 |  | 
| Magic Sentry | 1 |  | 
| Sorceress Training | 2 |  | 
| Priest Training | 2 |  | 
| Animal War Training | 1 |  | 
| Armor | 3 |  | 
                14 total
 » buildings
                
                | Farm | 9 |  | 
| Scout Tower | 40 |  | 
| Altar of Kings | 1 |  | 
| Lumber Mill | 1 |  | 
| Arcane Tower | 7 |  | 
| Guard Tower | 24 |  | 
| Keep | 1 |  | 
| Arcane Sanctum | 1 |  | 
| Castle | 1 |  | 
| Arcane Vault | 1 |  | 
| Gryphon Aviary | 1 |  | 
| Barracks | 1 |  | 
| Blacksmith | 1 |  | 
                89 total
 » build order
                00:08 Farm
00:11 Scout Tower
00:21 Altar of Kings
00:51 Lumber Mill
01:11 Farm
01:28 Arcane Tower
01:49 Scout Tower
02:17 Guard Tower
02:19 Scout Tower
02:22 Scout Tower
02:51 Arcane Tower
02:52 Guard Tower
02:54 Scout Tower
03:09 Scout Tower
03:24 Guard Tower
03:38 Guard Tower
04:44 Scout Tower
04:48 Scout Tower
06:53 Guard Tower
07:00 Scout Tower
07:05 Scout Tower
07:17 Scout Tower
07:42 Scout Tower
07:46 Arcane Tower
08:12 Arcane Tower
08:22 Guard Tower
08:25 Scout Tower
08:28 Keep
08:42 Scout Tower
08:58 Arcane Tower
09:01 Scout Tower
09:22 Guard Tower
09:43 Guard Tower
09:45 Scout Tower
09:48 Scout Tower
09:52 Scout Tower
09:55 Scout Tower
10:00 Farm
10:04 Arcane Tower
10:26 Guard Tower
10:29 Guard Tower
10:31 Guard Tower
11:03 Guard Tower
11:33 Farm
11:38 Arcane Sanctum
11:55 Scout Tower
13:22 Guard Tower
13:24 Scout Tower
13:27 Scout Tower
14:23 Guard Tower
14:25 Castle
14:31 Farm
16:30 Scout Tower
16:37 Arcane Vault
17:02 Guard Tower
21:20 Scout Tower
22:30 Guard Tower
22:55 Scout Tower
23:00 Scout Tower
23:01 Scout Tower
23:05 Farm
23:09 Gryphon Aviary
23:20 Farm
23:23 Guard Tower
23:37 Guard Tower
23:40 Farm
23:57 Scout Tower
24:02 Barracks
24:04 Scout Tower
24:12 Blacksmith
24:17 Scout Tower
24:58 Guard Tower
25:08 Scout Tower
25:37 Guard Tower
25:45 Scout Tower
26:18 Guard Tower
27:05 Farm
32:57 Scout Tower
32:58 Scout Tower
33:02 Scout Tower
33:03 Scout Tower
33:04 Scout Tower
33:05 Scout Tower
33:08 Scout Tower
33:09 Scout Tower
33:56 Arcane Tower
33:57 Guard Tower
35:26 Guard Tower
37:16 Guard Tower
» items
                
                | Staff of Teleportation | 2 |  | 
| Dust of Appearance | 1 |  | 
| Boots of Speed | 2 |  | 
| Healing Salve | 1 |  | 
| Orb of Lightning | 2 |  | 
| Periapt of Vitality | 1 |  | 
| Circlet of Nobility | 2 |  | 
| Staff of Sanctuary | 2 |  | 
                13 total
  
               team 2 (loser) 
              
              
HaXr (
orange | 63 APM | 2420 actions | 38:35)
              
 3 Pandaren Brewmaster 
 2 Breath of Fire
 1 Drunken Haze
 
                » actions 
                
                | Assign group hotkey | 181 |  | 
| Basic commands | 122 |  | 
| Build / train | 132 |  | 
| ESC pressed | 32 |  | 
| Enter build submenu | 68 |  | 
| Enter hero's abilities submenu | 3 |  | 
| Right click | 1000 |  | 
| Select / deselect | 482 |  | 
| Select group hotkey | 288 |  | 
| Use ability | 112 |  | 
                2420 total
 » units 
                » upgrades
                » buildings
                
                | Altar of Elders | 2 |  | 
| Moon Well | 8 |  | 
| Hunter's Hall | 3 |  | 
| Ancient of Wonders | 2 |  | 
| Ancient Protector | 28 |  | 
| Tree of Ages | 2 |  | 
| Tree of Life | 3 |  | 
| Ancient of Lore | 4 |  | 
                52 total
 » build order
                01:34 Altar of Elders
01:45 Moon Well
05:25 Moon Well
07:42 Hunter's Hall
08:10 Ancient of Wonders
09:02 Ancient of Wonders
09:31 Ancient Protector
09:39 Ancient Protector
10:07 Ancient Protector
10:11 Ancient Protector
10:18 Ancient Protector
10:59 Moon Well
11:01 Moon Well
11:24 Tree of Ages
13:29 Tree of Life
14:11 Ancient Protector
14:43 Ancient Protector
14:52 Ancient Protector
15:00 Tree of Life
15:04 Ancient Protector
15:10 Ancient Protector
15:42 Ancient Protector
15:46 Ancient Protector
15:51 Ancient Protector
16:01 Ancient Protector
16:29 Ancient Protector
16:35 Ancient of Lore
16:39 Ancient of Lore
17:56 Ancient Protector
17:59 Ancient Protector
20:12 Ancient Protector
20:19 Tree of Life
20:57 Ancient Protector
21:30 Ancient Protector
21:56 Ancient Protector
22:21 Ancient Protector
22:26 Ancient Protector
22:44 Ancient Protector
22:59 Ancient Protector
23:31 Tree of Ages
25:33 Altar of Elders
26:32 Moon Well
29:11 Hunter's Hall
29:17 Moon Well
30:34 Hunter's Hall
30:47 Moon Well
31:02 Moon Well
31:39 Ancient of Lore
31:43 Ancient of Lore
31:54 Ancient Protector
34:04 Ancient Protector
34:09 Ancient Protector
» items
                
                | Potion of Lesser Invulnerability | 1 |  | 
| Boots of Speed | 1 |  | 
                2 total
  
               
              
              
Quarantined (
yellow | 94 APM | 3605 actions | 38:29)
              
 3 Tauren Chieftain 
 1 Shockwave
 2 Endurance Aura
 2 Shadow Hunter 
 1 Hex
 1 Healing Wave
 
                » actions 
                
                | Assign group hotkey | 77 |  | 
| Basic commands | 1 |  | 
| Build / train | 65 |  | 
| Enter build submenu | 33 |  | 
| Enter hero's abilities submenu | 5 |  | 
| Remove unit from queue | 1 |  | 
| Right click | 2712 |  | 
| Select / deselect | 458 |  | 
| Select group hotkey | 181 |  | 
| Use ability | 72 |  | 
                3605 total
 » units 
                » upgrades
                
                | Ranged Weapons | 3 |  | 
| Armor | 3 |  | 
| Liquid Fire | 1 |  | 
                7 total
 » buildings
                
                | Altar of Storms | 1 |  | 
| Orc Burrow | 5 |  | 
| Stronghold | 1 |  | 
| War Mill | 1 |  | 
| Watch Tower | 18 |  | 
| Voodoo Lounge | 1 |  | 
| Beastiary | 2 |  | 
| Fortress | 1 |  | 
| Great Hall | 1 |  | 
                31 total
 » build order
                00:10 Altar of Storms
00:14 Orc Burrow
03:27 Stronghold
04:15 War Mill
04:23 Orc Burrow
05:32 Watch Tower
05:38 Watch Tower
05:41 Watch Tower
06:06 Watch Tower
06:10 Watch Tower
06:52 Voodoo Lounge
07:07 Watch Tower
07:20 Beastiary
07:54 Beastiary
08:09 Watch Tower
09:24 Fortress
10:06 Orc Burrow
10:12 Orc Burrow
10:28 Orc Burrow
14:02 Watch Tower
14:13 Watch Tower
14:23 Great Hall
14:50 Watch Tower
14:55 Watch Tower
15:48 Watch Tower
15:51 Watch Tower
16:16 Watch Tower
16:23 Watch Tower
17:50 Watch Tower
17:51 Watch Tower
18:27 Watch Tower
» items
                
                | Healing Salve | 1 |  | 
| Scroll of Town Portal | 1 |  | 
| Potion of Healing | 1 |  | 
                3 total
  
               
              
              
tipzntrix (
pink | 75 APM | 2901 actions | 38:31)
              
 3 Pandaren Brewmaster 
 2 Breath of Fire
 1 Drunken Haze
 2 Pit Lord 
 1 Rain of Fire
 1 Cleaving Attack
 
                » actions 
                
                | Assign group hotkey | 66 |  | 
| Basic commands | 138 |  | 
| Build / train | 127 |  | 
| ESC pressed | 11 |  | 
| Enter build submenu | 58 |  | 
| Enter hero's abilities submenu | 5 |  | 
| Give item / drop item | 1 |  | 
| Remove unit from queue | 1 |  | 
| Right click | 938 |  | 
| Select / deselect | 594 |  | 
| Select group hotkey | 740 |  | 
| Use ability | 222 |  | 
                2901 total
 » units 
                
                | Wisp | 74 |  | 
| Huntress | 12 |  | 
| Hippogryph | 1 |  | 
| Druid of the Talon | 12 |  | 
| Dryad | 3 |  | 
                102 total
 » upgrades
                
                | Ultravision | 1 |  | 
| Druid of the Talon Training | 2 |  | 
| Well Spring | 1 |  | 
| Nature's Blessing | 1 |  | 
                5 total
 » buildings
                
                | Hunter's Hall | 1 |  | 
| Ancient of War | 3 |  | 
| Moon Well | 17 |  | 
| Altar of Elders | 1 |  | 
| Ancient of Wonders | 1 |  | 
| Tree of Ages | 1 |  | 
| Ancient Protector | 29 |  | 
| Tree of Eternity | 1 |  | 
| Ancient of Wind | 4 |  | 
| Tree of Life | 1 |  | 
| Chimaera Roost | 1 |  | 
| Ancient of Lore | 2 |  | 
                62 total
 » build order
                00:17 Hunter's Hall
00:19 Ancient of War
00:21 Ancient of War
00:26 Moon Well
01:00 Moon Well
01:16 Ancient of War
01:29 Altar of Elders
01:56 Moon Well
02:33 Ancient of Wonders
02:36 Moon Well
05:41 Tree of Ages
07:02 Ancient Protector
07:05 Ancient Protector
07:10 Ancient Protector
07:13 Ancient Protector
08:27 Ancient Protector
09:33 Ancient Protector
09:42 Ancient Protector
11:30 Tree of Eternity
11:59 Ancient of Wind
12:05 Ancient of Wind
13:27 Tree of Life
14:02 Ancient Protector
14:04 Ancient Protector
14:05 Ancient Protector
14:19 Chimaera Roost
16:25 Ancient Protector
16:39 Ancient Protector
21:11 Ancient Protector
21:12 Ancient Protector
21:33 Ancient Protector
21:51 Ancient Protector
21:54 Ancient Protector
21:55 Ancient Protector
21:56 Ancient Protector
22:38 Ancient Protector
22:40 Ancient Protector
23:04 Ancient of Wind
23:06 Ancient of Wind
23:54 Ancient Protector
24:10 Ancient Protector
24:13 Moon Well
24:15 Moon Well
24:17 Moon Well
24:23 Ancient of Lore
25:30 Ancient of Lore
25:33 Moon Well
25:34 Moon Well
25:35 Moon Well
25:56 Moon Well
26:13 Ancient Protector
26:27 Moon Well
26:29 Moon Well
27:10 Moon Well
28:29 Ancient Protector
28:30 Ancient Protector
28:32 Moon Well
28:42 Moon Well
28:44 Moon Well
28:49 Ancient Protector
28:52 Ancient Protector
28:54 Ancient Protector
» items
                
                | Lesser Clarity Potion | 1 |  | 
| Dust of Appearance | 1 |  | 
| Staff of Teleportation | 1 |  | 
| Orb of Venom | 2 |  | 
| Anti-magic Potion | 2 |  | 
| Staff of Preservation | 1 |  | 
| Potion of Healing | 1 |  | 
| Scroll of Town Portal | 1 |  | 
                10 total
  
                Chat log
          
(02:59 / Allies) MrFrosty: 1 panda
(03:04 / Allies) MrFrosty: ugh
(03:12 / Allies) MrFrosty: yeah ill have to
(03:30 / Allies) Gobiner: brb
(03:56 / Allies) MrFrosty: lol what
(04:23 / Allies) MrFrosty: lol
(04:55 / Allies) MrFrosty: ok hurry up and help me now
(05:25 / Allies) MrFrosty: he lost like 8 hunts here
(05:28 / Allies) MrFrosty: and 2 heroes
(05:38 / Allies) MrFrosty: yes
(05:41 / Allies) MrFrosty: that saved me fyi
(05:45 / Allies) MrFrosty: ill get you as taff
(06:39 / Allies) MrFrosty: ok
(06:43 / Allies) MrFrosty: dont think it will help
(06:44 / Allies) MrFrosty: tbh
(06:49 / Allies) kunt.roII: staff me now
(07:57 / Allies) MrFrosty: ignore
(09:11 / Allies) MrFrosty: tier 2 dual beasts
(10:21 / Allies) MrFrosty: coming bog
(10:22 / Allies) MrFrosty: gob
(11:20 / Allies) MrFrosty: pink got a pitlord 2nd
(14:51 / All) kunt.roII: dont worry
(14:53 / All) kunt.roII: theres nothing there
(18:20 / Allies) MrFrosty: lol a tree and orc hall
(18:25 / Allies) kunt.roII: haha
(20:10 / Allies) MrFrosty: lolllllll
(20:55 / Allies) MrFrosty: what you faggot
(21:02 / Allies) MrFrosty: my panda not his
(22:57 / Allies) MrFrosty: i can i guess
(23:51 / Allies) MrFrosty: he ran
(24:09 / Allies) MrFrosty: 60 i tihnk
(28:32 / Allies) MrFrosty: id rather not
(31:56 / Allies) MrFrosty: yes
(32:24 / Allies) MrFrosty: im doing the top one
(33:14 / All) Gobiner: how did you get to level 26 if you're this bad
(34:35 / All) MrFrosty: thanks
(35:14 / Allies) MrFrosty: l o l
(36:14 / All) HaXr: lol what a joke strat
(36:20 / All) MrFrosty: lol what a bunch of joke players
(36:25 / All) HaXr: Enjoy every game taking 2 hours?
(36:30 / All) Gobiner: we enjoy winning
(36:31 / All) kunt.roII: this wasnt that long tbqh
(36:33 / All) MrFrosty: this game has been about 40 minutes
(36:40 / All) HaXr: yeah know
(36:42 / All) HaXr: But in general
(36:47 / All) Quarantined: our games are 15 mins avg
(36:48 / All) Gobiner: in general, we enjoy winning
(36:51 / All) kunt.roII: cumgrats
(36:54 / All) MrFrosty: well tis true most of our opponents are better than you
(36:56 / All) HaXr: Do you enjoy being ranked 15th?
(36:56 / All) Quarantined: u lose some too tho
(36:57 / All) HaXr: lol
(36:59 / All) HaXr: cuz we do..
(37:02 / All) kunt.roII: LOL
(37:05 / All) HaXr: in a lot less time
(37:07 / All) tipzntrix: yeyeah
(37:19 / All) HaXr: maybe in 3 years you can get that 30th win
(37:19 / All) kunt.roII: do i enjoy beating u regardless of your dumb rank?
(37:20 / All) kunt.roII: yes
(37:27 / All) HaXr: I don't doubt it
(37:27 / All) Quarantined: you guys will learn that strat wont get you guys far
(37:28 / All) HaXr: lol
(37:39 / All) HaXr: nah it might its just boring as hell
(37:39 / All) Gobiner: whereas massing hunts for 15 minutes is a solid strategy
(37:40 / All) MrFrosty: we are 15-3 or something so yeah ok
(37:57 / All) Quarantined: 15-3 over a five month period
(37:58 / All) HaXr: meh not saying it doesnt work
(37:59 / All) Quarantined: *clap
(38:00 / All) HaXr: saying its boring
(38:07 / All) kunt.roII: i dont htink its boring lmao
(38:27 / All) Quarantined: good game fools
(38:32 / All) HaXr: gg
(38:32 / All) MrFrosty: 2 e z noobs